AoeStats
← Riptide320

Arabia

510352160Analyzed
1v1 RM · 14h ago on Sep 30, 2026· 47m 57s· 2 players
Game mode
Random Map
Map size
Tiny (2 player)
Population
200
Speed
Normal
Resources
Standard
Victory
Conquest
Starting age
Dark Age
Ending age
Imperial Age
RankedLock teamsTeams togetherTeam positionsShared explorationLock speedFull tech treeHidden civsTurbo modeCheats
Victory
Defeat
🇺🇸 Khmer · United States
901
+16
🇩🇪 Japanese · Germany
897
-26
RohrmansRohre GmbH
5:24 Loom
10:49 Feudal Age
13:28 Double-Bit Axe
14:31 Horse Collar
14:16 Man-at-Arms
19:47 Arson
26:11 Castle Age
25:17 Scale Mail Armor
27:05 Pikeman
27:25 Elite Skirmisher
28:22 Forging
31:31 Squires
33:53 Heavy Plow
33:58 Fletching
35:23 Bow Saw
36:34 Padded Archer Armor
41:04 Imperial Age
40:16 Ballistics
40:24 Bloodlines
40:17 Husbandry
40:54 Scale Barding Armor
42:33 Wheelbarrow
41:48 Cavalier
47:00 Halberdier
Riptide320
12:41 Feudal Age
13:12 Loom
16:33 Castle Age
14:25 Double-Bit Axe
15:47 Horse Collar
19:39 Light Cavalry
21:09 Husbandry
23:09 Bow Saw
29:28 Heavy Plow
31:03 Wheelbarrow
31:05 Town Watch
35:54 Imperial Age
34:10 Gold Mining
35:19 Stone Mining
36:13 Ballistics
36:28 Hand Cart
36:26 Heavy Scorpion
38:09 Chemistry
37:44 Hussar
39:26 Double Crossbow
40:44 Scale Barding Armor
40:51 Forging
41:10 Bloodlines
42:21 Chain Barding Armor
43:25 Chain Barding Armor
45:00 Plate Barding Armor
45:02 Iron Casting
46:55 Elite Battle Elephant
Connection lost

Rejoining the realm…

Still unreachable

The connection could not be restored.

Session expired

The server has moved on; the page needs a fresh start.